 Dungeon Crawl Stone Soup version 0.30-a0-652-gcc886f7154 (webtiles) character file.

Game seed: 18024426623022833379

331 browni3141 the Fruitful (level 6, -4/41 HPs)
             Began as a Mummy Necromancer on Jan 18, 2023.
             Was a Priest of Fedhas.
             Slain by a wight
             ... wielding a +3 dagger
              (8 damage)
             ... on level 3 of the Dungeon.
             The game lasted 00:07:50 (3475 turns).

browni3141 the Fruitful (Mummy Necromancer)         Turns: 3475, Time: 00:07:50

Health: -4/41      AC:  6    Str: 12    XL:     6   Next: 26%
Magic:  10/10      EV: 12    Int: 16    God:    Fedhas [***...]
Gold:   259        SH:  0    Dex: 12    Spells: 5/11 levels left

rFire   x . .      SeeInvis .    b - +0 mace
rCold   + . .      Faith    +    (no shield)
rNeg    + + +      Spirit   .    a - +0 robe
rPois   ∞          Reflect  .    (no helmet)
rElec   .          Harm     .    (no cloak)
rCorr   .          Rampage  .    n - +2 pair of gloves
Will    .....                    e - +0 pair of boots
Stlth   ++                       (no amulet)
HPRegen 0.26/turn                (no ring)
MPRegen 0.12/turn                (no ring)

@: no status effects
A: cold resistance 1, negative energy resistance 3, torment resistance 2, heat
vulnerability 1, in touch with death 1, no potions, faith
a: Renounce Religion, Wall of Briars, Grow Ballistomycete


You were on level 3 of the Dungeon.
You worshipped Fedhas.
Fedhas was most pleased with you.
You visited 1 branch of the dungeon, and saw 4 of its levels.

You collected 259 gold pieces.

Inventory:

Hand Weapons
 b - a +0 mace (weapon)
 g - a +2 short sword of distortion
Missiles
 d - 7 poisoned darts
Armour
 a - a +0 robe (worn)
 e - a +0 pair of boots (worn)
 n - a +2 pair of gloves (worn)
Jewellery
 m - an amulet of reflection
Wands
 h - a wand of iceblast (5)
Scrolls
 c - a scroll of immolation
 f - 2 scrolls of teleportation
 i - a scroll of fear
 j - a scroll of blinking
 k - a scroll of vulnerability
 l - a scroll of silence {unknown}
 o - a scroll of poison {unknown}
 p - a scroll of amnesia {unknown}


   Skills:
 - Level 1.5 Dodging
 - Level 4.0 Stealth
 - Level 3.0 Spellcasting
 - Level 4.0 Necromancy
 * Level 4.2 Invocations


You had 5 spell levels left.
You knew the following spells:

 Your Spells              Type           Power      Damage    Failure   Level
a - Necrotise             Necr           88%        1d8       3%          1
b - Cigotuvi's Dreadful   Necr/Pois/Air  18%        N/A       17%         2
c - Vampiric Draining     Necr           22%        2d7       11%         3

Your spell library contained the following spells:

 Spells                   Type           Power      Damage    Failure   Level
 Shock                    Conj/Air       8%         1d3       19%         1
 Poisonous Vapours        Pois/Air       4%         N/A       28%         2
 Animate Dead             Necr           22%        N/A       34%         4
 Mephitic Cloud           Conj/Pois/Air  2%         N/A       50%         3
 Swiftness                Air            2%         N/A       50%         3
 Agony                    Necr           22%        N/A       69%         5
 Airstrike                Air            1%         2d(1-17)  88%         4


Dungeon Overview and Level Annotations

Branches:
Dungeon (4/15)
 Temple: D:4-7

Altars:
Fedhas

Annotations:
D:4 1 runed translucent door, Crazy Yiuf, Edmund, Sigmund


Innate Abilities, Weirdness & Mutations

You are immune to poison.
Your flesh is cold resistant. (rC+)
You are immune to negative energy. (rN+++)
You are immune to unholy pain and torment.
You are vulnerable to heat. (rF-)
You are in touch with the powers of death.
You do not drink.
You have a special connection with the divine. (Faith)


Message History

Unknown command.
You hit the wight.
The wight is lightly damaged.
The wight hits you with a +3 dagger. The wight closely misses you.
You closely miss the wight.
The wight is lightly damaged.
The wight barely misses you.
You hit the wight but do no damage.
The wight is lightly damaged.
The wight completely misses you. The wight hits you with a +3 dagger.
You thump the wight!
The wight is severely damaged.
The wight barely misses you.
You hit the wight but do no damage.
The wight is severely damaged.
The wight barely misses you.
You hit the wight but do no damage.
The wight is severely damaged.
The wight hits you with a +3 dagger. The wight hits you with a +3 dagger!
You closely miss the wight.
The wight is severely damaged.
The wight hits you with a +3 dagger.
* * * LOW HITPOINT WARNING * * *
You closely miss the wight.
The wight is severely damaged.
The wight hits you with a +3 dagger!
* * * LOW HITPOINT WARNING * * *
The wight hits you but does no damage.
Press: ? - help, v - describe, . - travel
Here: a wight, wielding a +3 dagger and wearing a +0 robe (severely damaged)
The floor.
Unknown command.
Aiming: Iceblast
Press: ? - help, Shift-Dir - straight line The mass of ice explodes!
The iceblast engulfs the wight.
The wight partially resists.
The wight is almost destroyed.
The wight hits you with a +3 dagger!
You die...
Fedhas appreciates your contribution to the ecosystem.

#..........# #.# #.# #.#
####....#..######.###.# #.#
........#.............# #.#
....)...##.######.#######.#
........##...##...........#
####....####.##.#.#########
# #....# #..#.#.# # ###'##
##...#.##### #.#
###z@.....# #.# #.#####.#
#.# #.# #.# #.# #.# #.#
#.########.# #!#
#........#.#####.#
########.#.......#
#.....#.######### #.###.#.#


You could see a wight.

Vanquished Creatures
  A bullfrog (D:4)
  A scorpion (D:4)
  A hound (D:4)
  Terence (D:2)
  2 adders
  A worm (D:3)
  2 orcs (D:3)
  5 bats
  6 endoplasms
  5 giant cockroaches
  5 goblins
  8 hobgoblins
  4 jackals
  6 kobolds
  5 quokkas
  4 ball pythons
  2 frilled lizards
  3 rats
62 creatures vanquished.

Vanquished Creatures (collateral kills)
  A scorpion (D:4)
  A dart slug (D:3)
  A jackal (D:2)
  A quokka (D:2)
  2 rats
6 creatures vanquished.

Grand Total: 68 creatures vanquished

Notes
Turn   | Place    | Note
-------+----------+-------------------------------------------
     0 | D:1      | browni3141 the Mummy Necromancer began the quest for the
                  | Orb.
     0 | D:1      | Reached XP level 1. HP: 13/13 MP: 4/4
    86 | D:1      | Found a faded altar of an unknown god.
   133 | D:1      | Prayed at the altar of an unknown god.
   133 | D:1      | Became a worshipper of Fedhas Madash
   133 | D:1      | Reached * piety under Fedhas
   210 | D:1      | Reached XP level 2. HP: 19/19 MP: 2/5
   396 | D:1      | Learned a level 2 spell: Cigotuvi's Dreadful Rot
  1318 | D:2      | Reached ** piety under Fedhas
  1333 | D:2      | Gained mutation: You are in touch with the powers of death.
                  | [Mummy growth]
  1333 | D:2      | Reached XP level 3. HP: 12/24 MP: 7/7
  1819 | D:2      | Noticed Terence
  1846 | D:2      | Reached skill level 1 in Invocations
  1865 | D:2      | Killed Terence
  1866 | D:2      | Reached XP level 4. HP: 27/30 MP: 2/8
  2218 | D:2      | Learned a level 3 spell: Vampiric Draining
  2749 | D:3      | Reached *** piety under Fedhas
  2922 | D:4      | Noticed Edmund
  2938 | D:4      | Reached XP level 5. HP: 35/35 MP: 5/9
  3029 | D:4      | Found a runed translucent door.
  3030 | D:4      | Noticed Crazy Yiuf
  3046 | D:4      | Noticed Sigmund
  3281 | D:4      | Reached XP level 6. HP: 22/41 MP: 1/10
  3475 | D:3      | Slain by a wight

Illustrated notes

Levels and vault maps discovered:
D:1:      spicycebolla_arrival_xxxplode, layout_loops_corners,
          chequers_ecumenical_altar_simple, kennysheep_pointless_box,
          nicolae_figureground_pulse
D:2:      layout_basic, uniq_terence
D:3:      layout_basic
D:4:      layout_basic, kennysheep_mini_moat, lemuel_doored_altar,
          minmay_temple_entry_grid, uniq_edmund, uniq_crazy_yiuf_cottage,
          uniq_natasha, uniq_duvessa, uniq_sigmund

Skill      XL: |  1  2  3  4  5  6 |
---------------+-------------------+-----
Stealth        | 2 3 4 |  4.0
Invocations    | 1 2 3 4 |  4.2
Spellcasting   | 3 |  3.0
Dodging        | |  1.5
Necromancy     | |  4.0

Action                   |  1- 3 |  4- 6 || total
-------------------------+-------+-------++-------
Melee: Mace              |    78 |    41 ||   119
       Unarmed           |     2 |       ||     2
 Cast: Necrotise         |    27 |    56 ||    83
       Cigotuvi's Dreadf |     1 |       ||     1
Evoke: Wand              |       |     1 ||     1
  Use: Scroll            |       |     5 ||     5
 Stab: Sleeping          |     8 |     1 ||     9
Armor: Robe              |    29 |    15 ||    44
Dodge: Dodged            |    74 |    49 ||   123

Table legend: (Time is in decaauts)
 A = Elapsed time spent in this place.
 B = Non-inter-level travel time spent in this place.
 C = Inter-level travel time spent in this place.
 D = Time resting spent in this place.
 E = Time spent auto-exploring this place.
 F = Levels seen in this place.
 G = Mean time per level.
                   A        B        C        D        E       F      G
               +--------+--------+--------+--------+--------+-----+--------+
         Total |   3522 |   3430 |     92 |     89 |   2609 |   4 |  880.5 |
       Dungeon |   3522 |   3430 |     92 |     89 |   2609 |   4 |  880.5 |
               +--------+--------+--------+--------+--------+-----+--------+

Top non-repeatable levels by time:
     D:1: 1240 daAuts
     D:2: 1009 daAuts
     D:3: 723 daAuts
     D:4: 548 daAuts
